AoeStats
← xlalox corona

Golden Pit

503290026Analyzed
1v1 RM · 1mo ago on Aug 31, 2026· 49m 26s· 2 players
Game mode
Random Map
Map size
Tiny (2 player)
Population
200
Speed
Normal
Resources
Standard
Victory
Conquest
Starting age
Dark Age
Ending age
Imperial Age
RankedLock teamsTeams togetherTeam positionsShared explorationLock speedFull tech treeHidden civsTurbo modeCheats
Victory
Defeat
🇺🇸 Chinese · United States
1799
+12
🇲🇽 Dravidians · Mexico
1705
-12
xlalox corona
6:27 Loom
8:55 Feudal Age
15:24 Fletching
16:32 Double-Bit Axe
24:20 Castle Age
22:49 Padded Archer Armor
23:28 Gold Mining
23:21 Horse Collar
25:27 Leather Archer Armor
24:58 Elite Skirmisher
26:25 Bow Saw
26:33 Bodkin Arrow
26:33 Crossbowman
36:55 Imperial Age
35:24 Ballistics
37:43 Bracer
38:54 Chemistry
39:03 Ring Archer Armor
40:00 Thumb Ring
43:40 Two-Man Saw
43:44 Scale Barding Armor
44:06 Forging
44:57 Chain Barding Armor
45:54 Iron Casting
44:55 Light Cavalry
45:36 Husbandry
47:27 Wheelbarrow
48:01 Blast Furnace
ITzMfMiyagi
0:25 Loom
8:47 Feudal Age
9:48 Double-Bit Axe
10:50 Horse Collar
16:49 Fletching
18:11 Padded Archer Armor
21:40 Castle Age
20:25 Bloodlines
20:38 Scale Barding Armor
21:09 Gold Mining
21:43 Elite Skirmisher
22:19 Bodkin Arrow
23:08 Bow Saw
26:58 Stone Mining
37:01 Imperial Age
37:47 Bracer
38:11 Leather Archer Armor
39:39 Chemistry
39:40 Conscription
39:58 Ballistics
40:33 Ring Archer Armor
40:27 Masonry
40:48 Thumb Ring
41:04 Cavalier
42:10 Chain Barding Armor
42:25 Husbandry
42:37 Forging
45:13 Plate Barding Armor
46:18 Iron Casting
46:27 Heavy Plow
48:10 Blast Furnace
49:23 Two-Man Saw
Connection lost

Rejoining the realm…

Still unreachable

The connection could not be restored.

Session expired

The server has moved on; the page needs a fresh start.